 Dungeon Crawl Stone Soup version 0.26.0-91-g99b343417d (webtiles) character file.

Game seed: 10241583888683470197

12630 PentaManta the Fighter (level 11, -2/114 (115) HPs)
             Began as a Troll Abyssal Knight on Feb 3, 2021.
             Was a High Priest of Lugonu.
             Slain by a wraith (7 damage)
             ... led by Josephine
             ... on level 12 of the Dungeon.
             The game lasted 00:22:11 (10948 turns).

PentaManta the Fighter (Troll Abyssal Knight)      Turns: 10948, Time: 00:22:15

HP:   -2/114 (115)  AC: 15    Str: 31    XL:     11   Next: 65%
MP:   15/16         EV: 13    Int: 13    God:    Lugonu [*****.]
Gold: 767           SH:  5    Dex:  9    Spells: 10/10 levels left

rFire    . . .     SeeInvis .     - Unarmed
rCold    . . .     Faith    .   (no shield)
rNeg     . . .     Spirit   .   z - +3 robe of Folly {Archmagi, Will-- Int+5}
rPois    .         Reflect  +   (helmet restricted)
rElec    .         Harm     .   L - +1 cloak
rCorr    .         Rampage  .   (gloves unavailable)
Will     .....                  (boots unavailable)
Stlth    +.........             e - amulet of reflection
HPRegen  0.69/turn              n - +4 ring of protection
MPRegen  0.15/turn              k - +6 ring of strength

@: slowed, lightly drained, very slow
A: large, unfitting armour, claws 3, regeneration 1, shaggy fur 1, tough skin 3
a: Renounce Religion, Depart the Abyss, Bend Space, Banish, Corrupt, Enter the
Abyss


You were on level 12 of the Dungeon.
You worshipped Lugonu.
Lugonu was extremely pleased with you.
You visited 2 branches of the dungeon, and saw 13 of its levels.
You visited the Abyss 1 time.

You collected 889 gold pieces.
You spent 122 gold pieces at shops.

Inventory:

Hand Weapons
 Y - a +0 dagger of venom
Missiles
 j - 20 poisoned darts
 s - 3 boomerangs
 u - 12 atropa-tipped darts
 y - 8 javelins
 D - a throwing net
Armour
 a - a +0 robe
 z - the +3 robe of Folly (worn) {Archmagi, Will-- Int+5}
   (You found it on level 5 of the Dungeon)

   It affects your intelligence (+5).
   It affects your willpower, your defense against some magical effects.
 E - a scarf of shadows
 L - a +1 cloak (worn)
Jewellery
 e - an amulet of reflection (around neck)
 h - an uncursed ring of willpower
 k - a +6 ring of strength (right claw)
 n - a +4 ring of protection (left claw)
 o - an uncursed ring of flight
 A - an uncursed ring of poison resistance
 M - an uncursed amulet of guardian spirit
 O - an uncursed ring of wizardry
 T - an uncursed amulet of the acrobat
Wands
 l - a wand of iceblast (10)
 p - a wand of disintegration (11)
 t - a wand of paralysis (18)
 v - a wand of polymorph (14)
 w - a wand of digging (5)
 J - a wand of enslavement (18)
 N - a wand of flame (29)
 U - a wand of acid (5)
Scrolls
 c - 3 scrolls of remove curse
 r - 5 scrolls of teleportation
 B - a scroll of fog
 F - 3 scrolls of identify
 P - 3 scrolls of enchant weapon
 R - a scroll of fear
 S - 2 scrolls of summoning
 V - a scroll of random uselessness {unknown}
Potions
 b - a potion of invisibility
 d - 2 potions of haste
 f - 12 potions of curing
 g - 4 potions of brilliance
 i - a potion of resistance
 m - 2 potions of might
 q - a potion of magic
 x - a potion of flight
 C - a potion of degeneration
 G - a potion of ambrosia
 H - 3 potions of lignification
 I - 2 potions of heal wounds
 K - a potion of mutation
 Q - a potion of cancellation
 X - a potion of attraction {unknown}
Miscellaneous
 W - a phantom mirror


   Skills:
 * Level 9.0 Fighting
 - Level 1.0 Armour
 * Level 8.8 Dodging
 + Level 8.5 Unarmed Combat
 - Level 8.4 Invocations


You had 10 spell levels left.
You didn't know any spells.
Your spell library contained the following spells:

 Spells                   Type           Power        Failure   Level
 Magic Dart               Conj           0%           30%         1
 Blink                    Tloc           N/A          43%         2
 Call Imp                 Summ           0%           43%         2
 Slow                     Hex            0%           43%         2
 Conjure Flame            Conj/Fire      0%           67%         3
 Mephitic Cloud           Conj/Pois/Air  0%           67%         3
 Bolt of Magma            Conj/Fire/Erth 0%           100%        5
 Iskenderun's Battlesphe  Conj           0%           100%        5
 Iron Shot                Conj/Erth      0%           100%        6
 Orb of Destruction       Conj           0%           100%        7
 Spellforged Servitor     Conj/Summ      0%           100%        7


Dungeon Overview and Level Annotations

Branches:
Dungeon (12/15)            Temple (1/1) D:5            Lair (0/6) D:11
    Orc (0/2) D:11

Altars:
Ashenzari
Cheibriados
Dithmenos
Elyvilon
Fedhas
Gozag
Hepliaklqana
Kikubaaqudgha
Makhleb
Nemelex Xobeh
Okawaru
Qazlal
Ru
Sif Muna
Trog
Uskayaw
Vehumet
Wu Jian
Xom
Yredelemnul
Zin
The Shining One

Shops:
D:4 =   D:5 }(   D:8 *   D:9 =   D:10 ?   D:12 =


Innate Abilities, Weirdness & Mutations

You are too large for most types of armour.
You have claws for hands.
Your natural rate of healing is unusually fast.
You are covered in fur. (AC +1)
You have extremely tough skin. (AC +3)


Message History

The wraith is severely damaged.
The wraith hits you.
* * * LOW HITPOINT WARNING * * *
The wraith drains your vigour!
You feel as though you will be slow longer.
The wraith hits you!
* * * LOW HITPOINT WARNING * * *
The wraith drains your vigour!
You feel as though you will be slow longer.
The wraith hits you!
* * * LOW HITPOINT WARNING * * *
The wraith drains your vigour!
You feel as though you will be slow longer.
Space bends sharply around you!
The wraith blinks!
You blink.
The wraith hits you.
* * * LOW HITPOINT WARNING * * *
The wraith drains your vigour!
You feel as though you will be slow longer.
The wraith hits you!
You die...

#.............#
#.............#
#.............# .
#...)†........# ..
#.............# ...
####'###......######.:#
#......#......#.......#
.(.....#......#W......#
.......#.....§WW@W....#
.......#.....§#.W.....#
.......#......#.......#
#......#..∩...######..#
####+########## ... #
.. # . + #


You could see 5 wraiths.

Vanquished Creatures
  Josephine (D:12)
  A two-headed ogre (D:10)
  Pikel (D:6)
  A gargoyle (D:11)
  4 polar bears
  Prince Ribbit (D:7)
  Sigmund (D:4)
  12 yaks
  3 wraiths (D:11)
  3 wyverns
  2 basilisks (D:11)
  A water moccasin (D:7)
  5 ice beasts
  2 sky beasts
  A black bear (D:11)
  An orc warrior (D:6)
  3 phantoms
  An eye of draining (D:10)
  A wolf (D:11)
  7 ogres
  2 centaurs
  A lemure (D:6)
  4 big kobolds
  4 bullfrogs
  2 scorpions
  17 killer bees
  A jelly (D:11)
  A troll zombie (D:11)
  13 wights
  A vampire bat (D:7)
  3 howler monkeys
  An electric eel (D:11)
  A bullfrog zombie (D:5)
  A centaur zombie (D:8)
  5 human zombies (D:11)
  6 orc priests
  5 hounds
  Crazy Yiuf (D:7)
  7 orc wizards
  A bullfrog skeleton (D:8)
  A gnoll shaman (D:8)
  8 worker ants
  2 iguanas
  2 bullfrog simulacra (D:11)
  3 hound zombies
  An ogre skeleton (D:11)
  A hound skeleton (D:4)
  2 worker ant zombies
  11 adders
  5 gnolls (D:8)
  2 white imps
  A howler monkey simulacrum (D:11)
  An ufetubus (D:7)
  An ooze (D:4)
  3 worms (D:2)
  2 dart slugs
  3 leopard geckos
  32 orcs
  5 giant cockroaches
  9 goblins
  3 hobgoblins (D:1)
  17 jackals
  7 quokkas
  8 bats
  5 frilled lizards
  23 kobolds
  2 leopard gecko skeletons
  A leopard gecko zombie (D:5)
  An orc skeleton (D:11)
  An orc zombie (D:11)
  A quokka skeleton (D:4)
  6 rats
299 creatures vanquished.

Vanquished Creatures (others)
  A quokka (D:10)
  4 plants (D:1)
5 creatures vanquished.

Grand Total: 304 creatures vanquished

Notes
Turn   | Place    | Note
-------+----------+-------------------------------------------
     0 | Abyss:1  | PentaManta the Troll Abyssal Knight began the quest for the
                  | Orb.
     0 | Abyss:1  | Reached XP level 1. HP: 22/22 MP: 1/1
     0 | Abyss:1  | Found a corrupted altar of Lugonu.
   103 | Abyss:2  | Noticed a dire elephant zombie
   132 | Abyss:2  | Noticed a large abomination
   134 | D:1      | Escaped the Abyss
   390 | D:1      | Reached * piety under Lugonu
   391 | D:1      | Reached XP level 2. HP: 29/29 MP: 2/2
   729 | D:2      | Reached XP level 3. HP: 27/36 MP: 3/3
  1441 | D:3      | Reached XP level 4. HP: 42/44 MP: 4/4
  1601 | D:3      | Noticed a sky beast
  1612 | D:3      | Killed a sky beast
  1613 | D:3      | Reached skill level 5 in Unarmed Combat
  1613 | D:3      | Reached XP level 5. HP: 36/50 MP: 5/5
  1647 | D:3      | Reached ** piety under Lugonu
  2665 | D:4      | Noticed an ogre
  2670 | D:4      | Killed an ogre
  2671 | D:4      | Reached XP level 6. HP: 59/59 MP: 6/6
  2746 | D:4      | Found an ancient bone altar of Kikubaaqudgha.
  2750 | D:4      | Noticed Sigmund
  2756 | D:4      | You fall into a shaft and drop 1 floor!
  2756 | D:5      | Entered Level 5 of the Dungeon
  2761 | D:5      | Noticed an ice beast
  2776 | D:5      | Killed an ice beast
  2796 | D:5      | Reached skill level 1 in Armour
  2798 | D:5      | Found the +3 robe of Folly {Archmagi, Will-- Int+5}
  2859 | D:5      | Found Dasedopp's Gadget Emporium.
  2882 | D:5      | Found a staircase to the Ecumenical Temple.
  2893 | Temple   | Entered the Ecumenical Temple
  3155 | D:5      | Reached XP level 7. HP: 66/66 MP: 8/8
  3425 | D:5      | Reached skill level 3 in Fighting
  3640 | D:5      | Found Gosoirph's Weapon Emporium.
  4299 | D:4      | Found Ucrinif's Jewellery Shop.
  4608 | D:4      | Killed Sigmund
  4673 | D:6      | Reached XP level 8. HP: 58/78 MP: 10/10
  4770 | D:6      | Reached skill level 5 in Invocations
  4780 | D:6      | Reached skill level 4 in Fighting
  4891 | D:6      | Reached *** piety under Lugonu
  5041 | D:6      | Noticed Pikel
  5052 | D:6      | Killed Pikel
  5081 | D:6      | You fall into a shaft and drop 2 floors!
  5113 | D:7      | Reached XP level 9. HP: 63/87 MP: 12/12
  5713 | D:7      | Reached skill level 5 in Fighting
  5731 | D:7      | Noticed Prince Ribbit
  5779 | D:7      | Killed Prince Ribbit
  6081 | D:7      | Found a runed translucent door.
  6082 | D:7      | Noticed Crazy Yiuf
  6127 | D:7      | Reached skill level 5 in Dodging
  6726 | D:7      | Killed Crazy Yiuf
  6973 | D:8      | Reached **** piety under Lugonu
  7002 | D:8      | Found Zeinofar's General Store.
  7014 | D:8      | Bought a scroll of identify for 26 gold pieces
  7300 | D:8      | Reached skill level 6 in Fighting
  7304 | D:8      | Reached XP level 10. HP: 98/98 MP: 15/15
  7467 | D:9      | Found Juirrar's Jewellery Shoppe.
  8001 | D:9      | Reached ***** piety under Lugonu
  8243 | D:10     | Entered Level 10 of the Dungeon
  8345 | D:10     | Reached skill level 7 in Fighting
  8364 | D:10     | Found Noikyz's Magic Scroll Shoppe.
  8366 | D:10     | Found a blossoming altar of Fedhas.
  8404 | D:10     | Bought a scroll of identify for 32 gold pieces
  8404 | D:10     | Bought a scroll of identify for 32 gold pieces
  8404 | D:10     | Bought a scroll of identify for 32 gold pieces
  8530 | D:10     | Noticed a two-headed ogre
  8544 | D:10     | Killed a two-headed ogre
  8788 | D:10     | Found a white marble altar of Elyvilon.
  8911 | D:10     | Reached XP level 11. HP: 111/111 MP: 16/16
  9044 | D:11     | Found a staircase to the Orcish Mines.
  9058 | D:11     | Noticed a red ugly thing
  9070 | D:11     | Banished a red ugly thing
  9071 | D:11     | Reached skill level 8 in Fighting
  9889 | D:11     | Found a staircase to the Lair.
 10362 | D:11     | Found a basalt altar of Yredelemnul.
 10917 | D:12     | Found Sytid's Jewellery Emporium.
 10928 | D:12     | Noticed Josephine
 10944 | D:12     | Killed Josephine
 10945 | D:12     | Reached skill level 9 in Fighting
 10948 | D:12     | HP: 5/114 [wraith[Josephine] (1)]
 10948 | D:12     | Slain by a wraith

Illustrated notes

Levels and vault maps discovered:
D:1:      tarquinn_simple_flora_water_f, layout_rooms, st_stairs_13,
          serial_bayou_pond_a
D:2:      layout_loops_ring
D:3:      layout_basic
D:4:      layout_loops_corners, overflow_temple_1_default,
          minmay_shop_enchanted_jewellery, minmay_misc_feat_tiny,
          minmay_fractal_squares_gapless_5, uniq_sigmund
D:5:      layout_basic, minmay_temple_entry_ruins, serial_shops,
          nicolae_shop_crystal, shop, hangedman_abyss_or_decor_stagger
D:6:      layout_basic, uniq_pikel
D:7:      layout_basic, roderic_batcave, uniq_prince_ribbit1,
          uniq_crazy_yiuf_cottage
D:8:      layout_rooms, serial_shops, kennysheep_mini_moat
D:9:      layout_roguey, serial_shops, nicolae_shop_waterfront
D:10:     layout_rooms, serial_shops, nicolae_shop_statue_plus, basic_altar,
          elyvilon_altar_4
D:11:     layout_grid_maze, david_lair_generic, orc_0_dummy, serial_ice,
          serial_ice_f, serial_ice_j, serial_ice_n, serial_ice_e,
          lemuel_mausoleum_altar_yredelemnul
D:12:     cheibrodos_barr_body, layout_grid_maze, serial_shops, shop,
          uniq_josephine
Temple:   compressed_dpeg_triangle_lava_temple

Skill      XL: |  1  2  3  4  5  6  7  8  9 10 11 |
---------------+----------------------------------+-----
Unarmed Combat | 3 4 5 6 7 8 |  8.5
Dodging        | 2 3 4 5 7 8 |  8.8
Invocations    | 2 4 6 8 |  8.4
Armour         | 1 |  1.0
Fighting       | 3 4 6 7 9 |  9.0

Action                   |  1- 3 |  4- 6 |  7- 9 | 10-12 || total
-------------------------+-------+-------+-------+-------++-------
Melee: Unarmed           |   100 |    94 |   358 |   458 ||  1010
       Punch             |     3 |       |     7 |    18 ||    28
Invok: Depart the Abyss  |     1 |       |       |       ||     1
       Bend Space        |       |       |     1 |     1 ||     2
       Banish            |       |       |       |     3 ||     3
  Use: Potion            |     2 |       |       |     1 ||     3
       Scroll            |     1 |     2 |    14 |     5 ||    22
 Stab: Sleeping          |     2 |       |       |       ||     2
Armor: Robe              |    28 |    36 |   136 |   192 ||   392
Dodge: Dodged            |    45 |    31 |   210 |   245 ||   531
Block: Other             |    12 |    12 |    87 |    75 ||   186
       Reflection        |       |       |     5 |     2 ||     7
